 Dungeon Crawl Stone Soup version 0.30-a0-879-ga8ba668304 (webtiles) character file.

Game seed: 6164033972093058532

256 Iich the Chopper (level 5, -1/42 HPs)
             Began as a Demonspawn Fighter on Mar 12, 2023.
             Slain by a scorpion (5 damage)
             ... on level 5 of the Dungeon.
             The game lasted 00:05:02 (1724 turns).

Iich the Chopper (Demonspawn Fighter)               Turns: 1724, Time: 00:05:03

Health: -1/42      AC:  8    Str: 16    XL:     5   Next: 92%
Magic:  5/5        EV:  7    Int: 10    God:
Gold:   100        SH:  4    Dex: 14    Spells: 4/4 levels left

rFire   . . .      SeeInvis .    a - +0 war axe
rCold   . . .      Faith    .    c - +0 buckler
rNeg    . . .      Spirit   .    h - +0 chain mail
rPois   .          Reflect  .    (no helmet)
rElec   .          Rampage  .    (no cloak)
rCorr   .                        (no gloves)
Will    .....                    (no boots) Stlth
                                 (no amulet)
HPRegen 0.27/turn                (no ring)
MPRegen 0.09/turn                (no ring)

@: lethally poisoned (-1 -> -4), hasted, very quick
A: powered by death 2, demonic magic 1
a: no special abilities


You were on level 5 of the Dungeon.
You visited 1 branch of the dungeon, and saw 5 of its levels.

You collected 140 gold pieces.
You spent 40 gold pieces at shops.

Inventory:

Hand Weapons
 a - a +0 war axe (weapon)
Armour
 b - a +0 scale mail
 c - a +0 buckler (worn)
 h - a +0 chain mail (worn)
Scrolls
 e - a scroll of enchant weapon {unknown}
 g - a scroll of vulnerability
 i - a scroll of immolation
 k - a scroll of magic mapping {unknown}
Potions
 d - a potion of might
 f - a potion of brilliance {unknown}
 j - 2 potions of magic
 l - a potion of haste


   Skills:
 + Level 4.2 Fighting
 * Level 4.4 Axes
 - Level 2.6 Armour
 + Level 1.9 Dodging
 - Level 2.6 Shields


You had 4 spell levels left.
You didn't know any spells.
Your spell library contained the following spells:

 Spells                   Type           Power      Damage    Failure   Level
 Ensorcelled Hibernation  Hex/Ice        0%         N/A       100%        2
 Spider Form              Tmut/Pois      0%         N/A       100%        3
 Anguish                  Hex/Necr       0%         N/A       100%        4


Dungeon Overview and Level Annotations

Branches:
Dungeon (6/15)
 Temple: D:4-7

Altars:

Shops:
D:1 ?


Innate Abilities, Weirdness & Mutations

You regenerate health from kills.
Spells you cast may paralyse adjacent enemies.


Message History

The gnoll sergeant hits you with a +0 spear.
The gnoll hits you with a +0 spear.
You hit the gnoll.
The gnoll is lightly wounded.
You hit the gnoll sergeant but do no damage.
The gnoll sergeant hits you with a +0 spear.
The gnoll hits you but does no damage.
The gnoll sergeant hits you with a +0 spear!
* * * LOW HITPOINT WARNING * * *
The gnoll hits you with a +0 spear.
* * * LOW HITPOINT WARNING * * *
As you read the scroll of teleportation, it crumbles to dust.
You feel strangely unstable. You block the gnoll's attack.
Your surroundings suddenly seem different.
A scorpion comes into view.
Found 9 gold pieces and a book of the Spheres.
Found an escape hatch in the ceiling.
Found a stone staircase leading up.
You barely miss the scorpion. The scorpion stings you.
* * * LOW HITPOINT WARNING * * *
You closely miss the scorpion. The scorpion barely misses you.
The scorpion stings you but does no damage.
You barely miss the scorpion. The scorpion stings you.
* * * LOW HITPOINT WARNING * * *
The scorpion stings you.
* * * LOW HITPOINT WARNING * * *
You are poisoned.
The scorpion poisons you! The scorpion attacks as you move away!
The scorpion stings you.
* * * LOW HITPOINT WARNING * * *
x2 You feel very sick.
The scorpion barely misses you.
You feel sick.
There is an escape hatch in the ceiling here.
You feel sick. The scorpion stings you.
* * * LOW HITPOINT WARNING * * *
A mysterious force pulls you upwards. The hatch slams shut behind you.
You feel sick.
You feel yourself speed up.
You feel sick. The scorpion stings you.
You die... # #..#.######### #....s@....... #.##.######### #. #

You could see a scorpion.

Vanquished Creatures
  Sigmund (D:2)
  A hound (D:6)
  An adder (D:6)
  A shadow imp (D:6)
  2 dart slugs (D:1)
  An orc (D:2)
  5 ball pythons (D:1)
  5 endoplasms
  2 giant cockroaches
  5 goblins
  6 hobgoblins
  A quokka (D:1)
  6 bats
  A frilled lizard (D:1)
  7 kobolds (D:1)
  2 rats
47 creatures vanquished.

Notes
Turn   | Place    | Note
-------+----------+-------------------------------------------
     0 | D:1      | Iich the Demonspawn Fighter began the quest for the Orb.
     0 | D:1      | Reached XP level 1. HP: 18/18 MP: 1/1
    80 | D:1      | Gained mutation: You regenerate a little health from kills.
                  | [demonic ancestry]
    80 | D:1      | Reached XP level 2. HP: 16/24 MP: 2/2
   429 | D:1      | Reached XP level 3. HP: 28/29 MP: 3/3
   513 | D:1      | Found Lenompa's Magic Scroll Boutique.
   525 | D:1      | Bought a scroll of identify for 20 gold pieces
   525 | D:1      | Bought a scroll of identify for 20 gold pieces
  1063 | D:2      | Noticed Sigmund
  1081 | D:2      | Killed Sigmund
  1082 | D:2      | Reached skill level 1 in Dodging
  1082 | D:2      | Gained mutation: You regenerate health from kills. [demonic
                  | ancestry]
  1082 | D:2      | Reached XP level 4. HP: 5/37 MP: 4/4
  1082 | D:2      | Gained mutation: Spells you cast may paralyse adjacent
                  | enemies. [demonic ancestry]
  1082 | D:2      | Reached XP level 5. HP: 6/42 MP: 5/5
  1336 | D:2      | Found a faded altar of an unknown god.
  1517 | D:3      | You fall into a shaft and drop 3 floors!
  1723 | D:5      | Entered Level 5 of the Dungeon
  1724 | D:5      | Slain by a scorpion

Illustrated notes

Levels and vault maps discovered:
D:1:      onia_arrival_pyramid, layout_loops_cross, serial_shops,
          nicolae_shop_window_shopping, nrook_mini_backslash
D:2:      layout_rooms, hellmonk_ecumenical_altar_heavens_door, uniq_sigmund
D:3:      layout_loops_ring
D:5:      layout_basic, minmay_misc_feat_encased,
          minmay_fractal_squares_diagonal_5, uniq_crazy_yiuf_cottage,
          uniq_blork_the_orc, uniq_menkaure
D:6:      layout_layer_cave, nicolae_hepliaklqana_monster_ancestors,
          chequers_serial_rivers_micro_d, nicolae_figureground_sparkle

Skill      XL: |  1  2  3 |
---------------+----------+-----
Axes           | 2 4 |  4.4
Fighting       | 4 |  4.2
Dodging        | 1 |  1.9
Armour         | |  2.6
Shields        | |  2.6

Action                     |  1- 3 |  4- 6 || total
---------------------------+-------+-------++-------
  Melee: War axe           |   130 |    41 ||   171
    Use: Scroll            |     5 |     1 ||     6
         Potion            |     3 |     2 ||     5
 Armour: Scale mail        |    48 |       ||    48
         Chain mail        |    24 |    28 ||    52
         Skin              |     3 |       ||     3
  Dodge: Dodged            |    38 |    16 ||    54
  Block: Buckler           |    29 |    10 ||    39

Table legend: (Time is in decaauts)
 A = Elapsed time spent in this place.
 B = Non-inter-level travel time spent in this place.
 C = Inter-level travel time spent in this place.
 D = Time resting spent in this place.
 E = Time spent auto-exploring this place.
 F = Levels seen in this place.
 G = Mean time per level.
                   A        B        C        D        E       F      G
               +--------+--------+--------+--------+--------+-----+--------+
         Total |   1773 |   1719 |     54 |     54 |   1132 |   5 |  354.6 |
       Dungeon |   1773 |   1719 |     54 |     54 |   1132 |   5 |  354.6 |
               +--------+--------+--------+--------+--------+-----+--------+

Top non-repeatable levels by time:
     D:1: 819 daAuts
     D:2: 739 daAuts
     D:6: 214 daAuts
     D:5: 0 daAuts
